Map: Frost LE

Players

TheDogDream

  • Race: Protoss Protoss
  • League: Diamond

llllllllllll - Winner!

  • Race: Protoss Protoss
  • League: Diamond

VOD

Have the link to the VOD?

Description

Time

  • Played on: Sept. 22, 2016, 4:59 p.m.
  • Length: 12:47
Show
View Real Time Build Order
Export as new Build Order

TheDogDream Protoss 

Build Orders:  

Get SALT Encoding   

  12  0:01  Probe (Chrono Boost)  
  13  0:12  Probe (Chrono Boost)  
  14  0:18  Pylon  
  14  0:22  Probe (Chrono Boost)  
  15  0:36  Probe (Chrono Boost)  
  15  0:38  Gateway  
  16  0:44  Assimilator  
  16  0:50  Probe (Chrono Boost)  
  17  0:58  Assimilator  
  17  1:00  Probe (Chrono Boost)  
  19  1:11  Probe (Chrono Boost)  
  19  1:22  Zealot  
  21  1:46  Zealot  
  21  2:16  Probe (Chrono Boost)  
  21  2:27  Probe (Chrono Boost)  
  22  2:35  Cybernetics Core  
  22  2:37  Probe (Chrono Boost)  
  22  2:39  Pylon  
  23  2:50  Gateway  
  23  2:57  Probe (Chrono Boost)  
  24  3:02  Warp Gate  
  24  3:09  Probe (Chrono Boost)  
  26  3:21  Probe (Chrono Boost)  
  26  3:29  Stargate  
  24  3:48  Nexus  
  24  3:49  Mothership Core (Chrono Boost)  
  24  4:08  Oracle, Gateway  
  27  4:17  Gateway  
  27  4:26  Pylon  
  27  4:43  Phoenix  
  27  4:52  Robotics Facility  
  29  5:00  Pylon  
  29  5:24  Void Ray  
  33  5:37  Probe (Chrono Boost)  
  33  5:39  Probe (Chrono Boost)  
  35  5:44  Stargate  
  35  5:48  Probe (Chrono Boost)  
  37  5:51  Warp Prism, Probe (Chrono Boost)  
  39  5:58  Probe (Chrono Boost)  
  39  6:03  Probe (Chrono Boost)  
  41  6:05  Void Ray  
  41  6:17  Probe (Chrono Boost)  
  46  6:29  Phoenix  
  45  6:34  Probe (Chrono Boost)  
  45  6:36  Probe (Chrono Boost)  
  47  6:45  Probe (Chrono Boost)  
  46  6:48  Probe (Chrono Boost)  
  44  6:57  Phoenix  
  46  7:05  Probe x2 (Chrono Boost)  
  46  7:06  Phoenix  
  46  7:17  Probe (Chrono Boost)  
  46  7:19  Phoenix  
  47  7:26  Zealot x4  
  53  7:37  Phoenix  
  48  7:53  Probe x2 (Chrono Boost)  
  48  7:57  Assimilator  
  48  7:58  Phoenix  
  49  7:59  Assimilator  
  49  8:05  Probe x2 (Chrono Boost)  
  53  8:13  Phoenix  
  53  8:17  Probe x2 (Chrono Boost)  
  57  8:25  Zealot x2  
  61  8:29  Probe (Chrono Boost)  
  60  8:40  Phoenix  
  60  8:46  Probe x2 (Chrono Boost)  
  58  8:50  Phoenix, Pylon  
  58  8:52  Pylon  
  54  9:01  Probe x2 (Chrono Boost)  
  54  9:02  Phoenix  
  58  9:13  Probe x2 (Chrono Boost)  
  58  9:16  Phoenix  
  62  9:24  Phoenix  
  62  9:25  Probe x2 (Chrono Boost)  
  62  9:29  Protoss Air Weapons Level 1  
  64  9:37  Pylon  
  64  9:41  Phoenix, Pylon  
  68  9:52  Mothership Core (Chrono Boost)  
  68  10:15  Fleet Beacon  
  68  10:20  Nexus  
  68  10:23  Pylon  
  68  10:24  Probe (Chrono Boost)  
  69  10:32  Stargate  
  69  10:42  Observer  
  70  10:43  Stargate  
  70  10:52  Pylon  
  70  10:59  Anion Pulse-Crystals  
  70  11:04  Phoenix  
  70  11:10  Nexus  
  72  11:14  Phoenix  
  74  11:33  Probe (Chrono Boost)  
  69  11:43  Probe (Chrono Boost)  
  69  11:44  Phoenix  
  62  11:48  Phoenix  
  63  11:54  Probe (Chrono Boost)  
  63  11:56  Phoenix  
  56  12:05  Probe (Chrono Boost)  
  56  12:07  Phoenix  
  52  12:10  Probe (Chrono Boost)  
  52  12:15  Probe (Chrono Boost)  
  56  12:22  Probe (Chrono Boost)  
  51  12:26  Probe (Chrono Boost)  
  52  12:34  Probe (Chrono Boost)  
  52  12:36  Probe (Chrono Boost)  
Show
View Real Time Build Order
Export as new Build Order

llllllllllll Protoss - Winner!

Build Orders: Cannon Rush 

Get SALT Encoding   

  12  0:01  Probe (Chrono Boost)  
  13  0:11  Probe (Chrono Boost)  
  14  0:20  Pylon  
  14  0:26  Probe (Chrono Boost)  
  15  0:38  Probe (Chrono Boost)  
  16  0:49  Forge  
  16  1:13  Pylon  
  16  1:14  Pylon  
  16  1:15  Pylon  
  16  1:26  Probe (Chrono Boost)  
  16  1:31  Photon Cannon  
  17  1:53  Photon Cannon  
  17  1:55  Photon Cannon  
  15  2:20  Pylon  
  15  2:22  Nexus  
  15  2:25  Assimilator  
  15  2:28  Probe (Chrono Boost)  
  15  2:29  Assimilator  
  16  2:38  Probe (Chrono Boost)  
  16  2:41  Photon Cannon  
  17  2:49  Gateway  
  17  2:58  Probe (Chrono Boost)  
  18  3:08  Probe (Chrono Boost)  
  19  3:19  Probe (Chrono Boost)  
  17  3:36  Probe (Chrono Boost)  
  17  3:39  Probe (Chrono Boost)  
  19  3:47  Probe (Chrono Boost)  
  20  3:49  Probe (Chrono Boost)  
  20  3:52  Cybernetics Core  
  21  4:00  Probe x2 (Chrono Boost)  
  23  4:10  Probe (Chrono Boost)  
  23  4:16  Probe (Chrono Boost)  
  25  4:21  Probe (Chrono Boost)  
  26  4:27  Probe (Chrono Boost)  
  28  4:31  Probe (Chrono Boost)  
  28  4:33  Assimilator  
  28  4:36  Assimilator  
  28  4:37  Probe (Chrono Boost)  
  29  4:42  Stargate  
  29  4:46  Probe (Chrono Boost)  
  29  4:48  Probe (Chrono Boost)  
  31  4:52  Stargate  
  33  5:00  Probe x2 (Chrono Boost)  
  33  5:11  Mothership Core (Chrono Boost)  
  25  5:30  Phoenix  
  25  5:33  Probe (Chrono Boost)  
  28  5:39  Phoenix  
  31  5:42  Probe (Chrono Boost)  
  31  5:43  Probe (Chrono Boost)  
  32  5:54  Probe x2 (Chrono Boost)  
  34  5:57  Phoenix  
  36  6:04  Probe (Chrono Boost)  
  36  6:05  Phoenix  
  39  6:15  Probe (Chrono Boost)  
  40  6:22  Phoenix  
  42  6:25  Probe (Chrono Boost)  
  42  6:29  Probe (Chrono Boost)  
  43  6:36  Probe (Chrono Boost)  
  43  6:37  Phoenix  
  46  7:34  Phoenix  
  46  7:37  Probe x2 (Chrono Boost)  
  46  7:43  Phoenix  
  46  8:00  Stargate  
  46  8:03  Pylon x2  
  46  8:05  Pylon  
  46  8:08  Pylon  
  46  8:11  Pylon  
  46  8:12  Pylon  
  46  8:21  Phoenix x2, Zealot, Probe x2 (Chrono Boost)  
  54  8:32  Probe x2 (Chrono Boost)  
  56  8:42  Probe (Chrono Boost)  
  59  8:53  Probe (Chrono Boost)  
  64  9:09  Pylon  
  70  9:11  Pylon  
  70  9:24  Phoenix x3  
  62  9:28  Fleet Beacon  
  62  9:30  Stargate  
  64  9:45  Nexus, Pylon  
  64  9:49  Phoenix x2  
  64  9:50  Phoenix  
  70  9:53  Pylon  
  70  10:05  Anion Pulse-Crystals, Probe (Chrono Boost)  
  70  10:06  Probe (Chrono Boost)  
  72  10:13  Phoenix  
  72  10:14  Phoenix  
  76  10:15  Phoenix x2  
  80  10:27  Photon Cannon  
  80  10:28  Photon Cannon  
  80  10:29  Photon Cannon  
  80  10:43  Phoenix x2  
  88  11:06  Assimilator  
  88  11:10  Assimilator  
  84  11:19  Void Ray x2  
Tags
 
Add a new tag
Caveats
  • Supply blocks, unpowered buildings, or Contaminate may cause inaccurate times.
  • Supply counts are checked every 10 seconds.